 Dungeon Crawl Stone Soup version 0.31-a0-691-g409c26aa35 (webtiles) character file.

Game seed: 2603707293312120153

93 ragingrage the Ruffian (level 4, -6/35 HPs)
             Began as a Draconian Shapeshifter on Sept 6, 2023.
             Mangled by an orc
             ... wielding a +2 heavy war axe
              (15 damage)
             ... on level 3 of the Dungeon.
             The game lasted 00:01:24 (1777 turns).

ragingrage the Ruffian (Draconian Shapeshifter)     Turns: 1777, Time: 00:01:25

Health: -6/35      AC:  5    Str: 16 (18) XL:     4   Next: 36%
Magic:  13/13      EV: 12    Int:  8 (10) God:
Gold:   40         SH:  0    Dex: 10 (11) Spells: 3/3 levels left

rFire   . .          .
                       - Unarmed
rCold   . . .        (no shield)
rNeg    . . .        (body armour unavailable)
rPois   .            (helmet currently unavailable)
rElec   .            (cloak currently unavailable)
rCorr   .            (gloves currently unavailable)
SInv    .            (boots currently unavailable)
Will    .....        (no amulet)
Stlth   +            g - ring of magical power
HPRegen 0.25/turn    (no ring)
MPRegen 0.13/turn

%: no passive effects
@: beast-form
A: beast (slay +2), AC +5, unfitting armour, cold-blooded
a: Begin Untransformation


You were on level 3 of the Dungeon.
You were a hulking beast.
You visited 1 branch of the dungeon, and saw 3 of its levels.

You collected 40 gold pieces.

Inventory:

Armour
 i - a +0 cloak
Jewellery
 g - a ring of magical power (left hand)
Talismans
 b - a beast talisman (active)
 c - a flux talisman
 h - a maw talisman
Scrolls
 k - a scroll of identify
 m - 3 scrolls of amnesia
Potions
 a - a potion of lignification
 f - a potion of haste {unknown}
 j - a potion of enlightenment {unknown}
 l - a potion of brilliance {unknown}


   Skills:
 - Level 1.1 Fighting
 - Level 1.7 Dodging
 + Level 4.2 Unarmed Combat
 + Level 4.0 Shapeshifting


You had 3 spell levels left.
You didn't know any spells.
Your spell library contained the following spells:

 Spells                   Type           Power      Damage    Failure   Level
 Sandblast                Erth           0%         2d4       41%         1
 Lesser Beckoning         Tloc           0%         N/A       54%         2
 Passwall                 Tmut/Erth      0%         N/A       54%         2
 Gell's Gravitas          Tloc           0%         N/A       78%         3
 Stone Arrow              Conj/Erth      0%         3d7       78%         3
 Teleport Other           Tloc           0%         N/A       78%         3


Dungeon Overview and Level Annotations

Branches:
Dungeon (3/15)

Altars:

Shops:
D:2 [   D:3 [


Innate Abilities, Weirdness & Mutations

You are a hulking beast.
Your limbs bulge with bestial killing power. (Slay +2)
Your plain brown scales are hard. (AC +5)
You cannot fit into any form of body armour.
You are cold-blooded and may be slowed by cold attacks.


Message History

No target in view!
No target in view!
An adder comes into view.
An adder is nearby!
An adder is nearby!
You closely miss the adder. The adder barely misses you.
You hit the adder.
Your tail-slap misses the adder.
The adder misses you.
You barely miss the adder. The adder closely misses you.
You barely miss the adder. The adder bites you but does no damage.
You closely miss the adder. The adder closely misses you. The adder misses you.
You hit the adder. The adder barely misses you.
You barely miss the adder. The adder closely misses you.
You closely miss the adder. You tail-slap the adder.
You kill the adder!
An orc comes into view. It is wielding a +0 trident.
An orc comes into view. It is wielding a +2 heavy war axe.
There are monsters nearby!
A goblin comes into view. It is wielding a +0 dagger.
There are monsters nearby!
The orc hits you with a +0 trident.
You see here a +0 spear.
You closely miss the orc. The orc completely misses you.
The orc hits you with a +2 heavy war axe!
As you read the scroll labelled QERUIDUDDU, it crumbles to dust.
It is a scroll of identify.
m - 3 scrolls of amnesia The orc barely misses you.
The orc hits you with a +2 heavy war axe!
* * * LOW HITPOINT WARNING * * *
Unknown command.
Okay, then.
It was a potion of degeneration.
There was something very wrong with that liquid.
You feel weakened.
You feel dopey.
You feel clumsy. The orc barely misses you.
It was a potion of curing.
You feel better. The goblin hits you with a +0 dagger.
* * * LOW HITPOINT WARNING * * *
The orc hits you with a +2 heavy war axe!
You die...

.### . #...##..
........## #.......
........ †........
....... ..##..... .....
.........# #...# .#
.........[#####.#.##.#
..).............g.?..#..
...........###..ho......
......###........o###..#
......# ###.......#
......#####..........
.........†..##.....##
#......#.######.....#
#..........# ...#....
##..)###.......#.##...
#...# ###........ ..


You could see 2 orcs and a goblin.

Vanquished Creatures
  3 adders (D:3)
  2 worms (D:2)
  3 dart slugs
  5 ball pythons
  6 endoplasms
  A giant cockroach (D:1)
  4 hobgoblins (D:1)
  5 kobolds
  3 quokkas
  6 bats
  4 frilled lizards
  5 goblins
  8 rats
55 creatures vanquished.

Notes
Turn   | Place    | Note
-------+----------+-------------------------------------------
     0 | D:1      | ragingrage the Draconian Shapeshifter began the quest for
                  | the Orb.
     0 | D:1      | Reached XP level 1. HP: 16/16 MP: 1/1
   136 | D:1      | Reached XP level 2. HP: 15/23 MP: 2/2
   537 | D:1      | Reached XP level 3. HP: 26/28 MP: 3/3
   971 | D:2      | Found Hodad's Antique Armour Shop.
  1645 | D:3      | Reached XP level 4. HP: 32/35 MP: 4/4
  1685 | D:3      | Found Xujy's Antique Armour Boutique.
  1775 | D:3      | HP: 1/35 [orc/+2 heavy war axe (14)]
  1777 | D:3      | Mangled by an orc

Illustrated notes

Levels and vault maps discovered:
D:1:      dpeg_arrival_snail, layout_basic
D:2:      layout_loops_ring, serial_shops, shop, kennysheep_generic_room_3
D:3:      layout_rooms, serial_shops, nicolae_shop_dealshenge

Skill      XL: |  1  2  3  4 |
---------------+-------------+-----
Unarmed Combat | 4 |  4.2
Shapeshifting  | 4 |  4.0
Fighting       | |  1.1
Dodging        | |  1.7

Action                     |  1- 3 |  4- 6 || total
---------------------------+-------+-------++-------
  Melee: Unarmed           |   122 |    26 ||   148
         Tailslap          |    13 |     4 ||    17
         Punch             |     1 |       ||     1
    Use: Potion            |       |     2 ||     2
         Scroll            |       |     1 ||     1
 Armour: Skin              |    56 |    15 ||    71
  Dodge: Dodged            |    57 |    27 ||    84

Table legend: (Time is in decaauts)
 A = Elapsed time spent in this place.
 B = Non-inter-level travel time spent in this place.
 C = Inter-level travel time spent in this place.
 D = Time resting spent in this place.
 E = Time spent auto-exploring this place.
 F = Levels seen in this place.
 G = Mean time per level.
                   A        B        C        D        E       F      G
               +--------+--------+--------+--------+--------+-----+--------+
         Total |   1766 |   1738 |     28 |     32 |   1375 |   3 |  588.7 |
       Dungeon |   1766 |   1738 |     28 |     32 |   1375 |   3 |  588.7 |
               +--------+--------+--------+--------+--------+-----+--------+

Top non-repeatable levels by time:
     D:1: 883 daAuts
     D:2: 743 daAuts
     D:3: 139 daAuts
